 Dungeon Crawl Stone Soup version 0.18-a0-1267-gff090c1 (webtiles) character file.

260 Lathuz the Covert (level 5, -1/24 HPs)
             Began as a Spriggan Enchanter on Feb 6, 2016.
             Slain by a killer bee (7 damage)
             ... on level 4 of the Dungeon.
             The game lasted 00:08:29 (3028 turns).

Lathuz the Covert (Spriggan Enchanter)              Turns: 3028, Time: 00:08:29

Health: -1/24      AC:  3    Str:  4    XL:     5   Next: 95%
Magic:  2/10       EV: 18    Int: 16    God:
Gold:   221        SH:  0    Dex: 18    Spells: 3 memorised, 4 levels left

rFire  . . .     SeeInvis +     f - +3 short sword (elec)
rCold  . . .     Gourm    .     b - +1 robe
rNeg   . . .     Faith    .     (shield restricted)
rPois  .         Spirit   .     (helmet restricted)
rElec  .         Dismiss  .     (no cloak)
rCorr  .         Reflect  .     (gloves unavailable)
SustAt .         Harm     .     (boots unavailable)
MR     .....                    (no amulet)
Stlth  ++++......               (no ring)
                                (no ring)

@: lethally poisoned (-1 -> -3), about to teleport, very quick, not resistant to
hostile enchantments, stealthy
A: unfitting armour, see invisible, herbivore 3, speed 3, slow metabolism 2
a: no special abilities


You were on level 4 of the Dungeon.
You were not hungry.

You visited 1 branch of the dungeon, and saw 4 of its levels.

You collected 221 gold pieces.

Inventory:

Hand Weapons
 a - a +1 dagger
 f - a +3 short sword of electrocution (weapon)
Missiles
 k - 49 stones (quivered)
Armour
 b - a +1 robe (worn)
Jewellery
 t - an uncursed amulet of harm
Wands
 m - a wand of flame (35/48)
Scrolls
 e - 9 scrolls of remove curse
 h - a scroll of teleportation
 i - a scroll of enchant weapon
 l - 6 scrolls of blinking
 p - a scroll of identify
 r - 2 scrolls of recharging
Potions
 g - 2 potions of agility {unknown}
 n - 2 potions of flight {unknown}
 o - 2 potions of curing {unknown}
 s - 2 potions of magic {unknown}
Books
 c - a book of Maledictions

   Spells                             Type                      Level
   a - Corona                         Hexes                        1
   b - Ensorcelled Hibernation        Hexes/Ice                    2
   c - Confuse                        Hexes                        3
   d - Tukima's Dance                 Hexes                        3
   e - Dazzling Spray                 Conjuration/Hexes            3
Comestibles
 d - 2 bread rations
 j - 2 slices of pizza
 v - a royal jelly


   Skills:
 - Level 4.0 Short Blades
 - Level 3.0 Dodging
 - Level 8.0 Stealth
 + Level 3.0 Spellcasting
 * Level 4.2 Hexes


You had 4 spell levels left.
You knew the following spells:

 Your Spells              Type           Power        Failure   Level  Hunger
a - Corona                Hex            ###....      4%          1    #......
b - Ensorcelled Hibernat  Hex/Ice        #.....       14%         2    ##.....
c - Confuse               Hex            ###.....     12%         3    ###....


Dungeon Overview and Level Annotations

Branches:
Dungeon (4/15)
 Temple: D:4-7

Altars:
Elyvilon
Ru
Yredelemnul


Innate Abilities, Weirdness & Mutations

You are tiny and cannot use many weapons and most armour.
You have supernaturally acute eyesight.
You are a herbivore.
You cover ground extremely quickly.
You need consume almost no food.


Message History

Confirm with . or Enter, or press ? or * to list all spells.
Aiming: Ensorcelled Hibernation
Press: ? - help, Shift-Dir - straight line, f/p - killer bee
Aim: a killer bee (chance to defeat MR: 50%)
The killer bee resists with some effort.
The killer bee stings you! The killer bee stings you.
You feel sick. The killer bee closely misses you.
You feel sick. The killer bee barely misses you.
You feel sick. The killer bee completely misses you.
The killer bee closely misses you.
You feel sick. The killer bee misses you.
Read which item? (? for menu, Esc to quit)
As you read the scroll of teleportation, it crumbles to dust.
You feel strangely unstable. The killer bee barely misses you.
The killer bee stings you!
You die...

#.#.#################.#
#.#....[..##.......##.#
#.#######.##.##.....#.#
#.....#<..##.##.#####.#
#####.######..#.#####.#
#.......##.#.......#
#######.##...#######
#.####.# #...y@.#
####.### #.# ###


You could see a killer bee.

Vanquished Creatures
  2 killer bees (D:4)
  2 hounds
  An iguana (D:4)
  A worker ant (D:4)
  3 adders
  An ooze (D:2)
  An adder skeleton (D:4)
  A worm (D:3)
  A giant gecko (D:2)
  4 giant cockroaches
  7 goblins
  4 hobgoblins
  8 jackals
  2 quokkas
  11 bats
  9 giant newts
  A jackal skeleton (D:4)
  3 kobolds
  A quokka skeleton (D:4)
  4 rats (D:1)
67 creatures vanquished.

Notes
Turn   | Place    | Note
--------------------------------------------------------------
     0 | D:1      | Lathuz the Spriggan Enchanter began the quest for the Orb.
     0 | D:1      | Reached XP level 1. HP: 9/9 MP: 5/5
   285 | D:1      | Reached XP level 2. HP: 13/13 MP: 6/6
   429 | D:1      | Reached skill level 5 in Stealth
   650 | D:1      | You fall through a shaft!
   918 | D:2      | Found a sacrificial altar of Ru.
   924 | D:2      | Reached XP level 3. HP: 16/16 MP: 8/8
  1103 | D:2      | Reached skill level 6 in Stealth
  1376 | D:2      | Learned a level 2 spell: Ensorcelled Hibernation
  1571 | D:2      | Reached XP level 4. HP: 21/21 MP: 9/9
  1735 | D:3      | Learned a level 3 spell: Confuse
  2004 | D:3      | Found a basalt altar of Yredelemnul.
  2011 | D:3      | Reached skill level 7 in Stealth
  2508 | D:4      | Reached XP level 5. HP: 24/24 MP: 10/10
  2544 | D:4      | Found a white marble altar of Elyvilon.
  2639 | D:4      | Reached skill level 8 in Stealth
  3028 | D:4      | Slain by a killer bee

Vault maps used:
D:1:      dpeg_arrival_subterranean_lakeside_camping
D:2:      nicolae_overflow_crystal_walls
D:3:      minmay_door_path, overflow_temple_1_default
D:4:      elyvilon_altar_4, lemuel_another_geyser

Action                   |  1- 3 |  4- 6 || total
-------------------------+-------+-------++-------
Melee: Short sword       |    82 |    41 ||   123
 Cast: Ensorcelled Hiber |       |     8 ||     8
  Use: Scroll            |       |    12 ||    12
 Stab: Sleeping          |    20 |    13 ||    33
